 Dungeon Crawl Stone Soup version 0.29.1-15-g9cfb28693d (webtiles) character file.

Game seed: 9049957865561225898

9217 McKennaii the Geomancer (level 11, -6/82 HPs)
             Began as a Demigod Earth Elementalist on Feb 25, 2023.
             Mangled by a dire elephant (25 damage)
             ... in a Gauntlet.
             The game lasted 00:24:20 (12926 turns).

McKennaii the Geomancer (DgEE)                     Turns: 12926, Time: 00:24:21

Health: -6/82      AC: 11    Str: 20    XL:     11   Next: 0%
Magic:  9/28       EV: 12    Int: 29    God:
Gold:   298        SH:  0    Dex: 14    Spells: 15/27 levels left

rFire   + + .      SeeInvis .   G - +8 autumn katana {vorpal, manifold assault}
rCold   + . .      Faith    .   (no shield)
rNeg    . . .      Spirit   .   x - +0 steam dragon scales
rPois   .          Reflect  .   L - +2 hat of the Ditch-Digger {rF+ rC+ Str+5 Slay-6}
rElec   .          Harm     .   (no cloak)
rCorr   .          Rampage  .   j - +0 pair of gloves
Will    +....      NoTele   +   D - +2 pair of boots {Fly}
Stlth   ++........              (no amulet)
HPRegen 0.23/turn               a - ring of protection from fire
MPRegen 0.21/turn               J - +6 ring of strength

@: flying, very slightly contaminated
A: high MP 1, forlorn, divine attributes
a: no special abilities


You were in a Gauntlet.
You visited 1 branch of the dungeon, and saw 11 of its levels.
You also visited: Bailey and Gauntlet.

You collected 1480 gold pieces.
You spent 1182 gold pieces at shops.

Inventory:

Hand Weapons
 G - the +8 autumn katana (weapon) {vorpal, manifold assault}
   (You bought it in a shop on level 9 of the Dungeon)

   It sometimes launches melee attacks against multiple visible enemies.
Missiles
 I - a throwing net
Armour
 j - a +0 pair of gloves (worn)
 w - a +2 kite shield
 x - +0 steam dragon scales (worn)
 D - a +2 pair of boots of flying (worn)
 L - the +2 hat of the Ditch-Digger (worn) {rF+ rC+ Str+5 Slay-6}
   (You found it in a Gauntlet)

   Str:       It affects your strength (+5).
   Slay:      It affects your accuracy & damage with ranged weapons and melee
   (-6).
   rF:        It protects you from fire.
   rC:        It protects you from cold.
Jewellery
 a - a ring of protection from fire (left hand)
 p - a ring of ice
 y - a +6 ring of dexterity
 J - a +6 ring of strength (right hand)
Wands
 E - a wand of roots (6)
 K - a wand of charming (7)
Scrolls
 d - a scroll of enchant armour
 f - a scroll of magic mapping
 h - 3 scrolls of poison
 i - 4 scrolls of enchant weapon
 l - 3 scrolls of teleportation
 m - 4 scrolls of immolation
 o - 2 scrolls of amnesia
 q - a scroll of torment {unknown}
 s - a scroll of fear {unknown}
 t - a scroll of vulnerability {unknown}
 B - a scroll of butterflies {unknown}
 C - a scroll of brand weapon {unknown}
 H - a scroll of noise {unknown}
Potions
 b - 2 potions of magic
 c - 6 potions of heal wounds {unknown}
 e - 7 potions of flight
 g - 3 potions of berserk rage
 k - 7 potions of curing
 n - 5 potions of haste {unknown}
 r - 2 potions of brilliance {unknown}
 u - 2 potions of attraction {unknown}
 v - 2 potions of lignification {unknown}
 z - a potion of cancellation {unknown}
 A - 2 potions of degeneration {unknown}
 F - 3 potions of might {unknown}


   Skills:
 + Level 3.0 Fighting
 + Level 3.0 Long Blades
 - Level 1.7 Dodging
 - Level 1.7 Stealth
 + Level 8.8 Spellcasting
 + Level 7.3 Conjurations
 + Level 2.9 Translocations
 - Level 0.8 Transmutations
 + Level 9.8 Earth Magic


You had 15 spell levels left.
You knew the following spells:

 Your Spells              Type           Power      Damage    Failure   Level
a - Sandblast             Erth           100%       2d20      1%          1
b - Conjure Flame         Conj/Fire      34%        6-21      2%          3
c - Stone Arrow           Conj/Erth      100%       3d13      1%          3
d - Manifold Assault      Tloc           29%        N/A       34%         5

Your spell library contained the following spells:

 Spells                   Type           Power      Damage    Failure   Level
 Magic Dart               Conj           100%       1d8       1%          1
 Blink                    Tloc           58%        N/A       1%          2
 Passwall                 Tmut/Erth      35%        N/A       1%          2
 Gell's Gravitas          Tloc           29%        N/A       3%          3
 Lesser Beckoning         Tloc           29%        N/A       3%          3
 Teleport Other           Tloc           29%        N/A       3%          3
 Mephitic Cloud           Conj/Pois/Air  26%        N/A       4%          3
 Petrify                  Tmut/Erth      43%        N/A       4%          4
 Call Imp                 Summ           12%        N/A       6%          2
 Sticky Flame             Conj/Fire      34%        2d5       10%         4
 Ignite Poison            Fire/Tmut/Pois 14%        N/A       12%         3
 Inner Flame              Hex/Fire       12%        N/A       13%         3
 Cause Fear               Hex            6%         N/A       38%         4
 Discord                  Hex            6%         N/A       100%        8


Dungeon Overview and Level Annotations

Branches:
Dungeon (11/15)            Temple (0/1) D:7            Lair (0/5) D:11
 Bailey (visited)         Gauntlet (1/1)
    Orc: D:9-12

Shops:
D:9 ([=*(

Annotations:
Gauntlet 9 transporters, 3 runed translucent doors


Innate Abilities, Weirdness & Mutations

You have an increased reservoir of magic. (+10% MP)
You shall have no god before yourself.
Your divine heritage dramatically boosts your attributes as you level up.


Message History

The dire elephant is moderately wounded.
The dire elephant tramples you!!
You are shoved backwards!
Unknown command.
Casting: Stone Arrow (safe; 1% risk of failure)
Confirm with . or Enter, or press ? or * to list all spells.
Aiming: Stone Arrow (safe; 1% risk of failure)
Press: ? - help, Shift-Dir - straight line, f/p - dire elephant
Aim: a dire elephant (moderately wounded, 100% to hit)
The stone arrow hits the dire elephant!!
The dire elephant is heavily wounded.
The dire elephant tramples you!
You hold your ground!
The dire elephant barely misses you.
Casting: Stone Arrow (safe; 1% risk of failure)
Confirm with . or Enter, or press ? or * to list all spells.
Aiming: Stone Arrow (safe; 1% risk of failure)
Press: ? - help, Shift-Dir - straight line, f/p - dire elephant
Aim: a dire elephant (heavily wounded, 100% to hit)
The stone arrow hits the dire elephant.
The dire elephant is heavily wounded.
The dire elephant tramples you!!
* * * LOW HITPOINT WARNING * * *
You are shoved backwards!
Casting: Stone Arrow (safe; 1% risk of failure)
Confirm with . or Enter, or press ? or * to list all spells.
Aiming: Stone Arrow (safe; 1% risk of failure)
Press: ? - help, Shift-Dir - straight line, f/p - dire elephant
Aim: a dire elephant (heavily wounded, 100% to hit)
The stone arrow hits the dire elephant!
The dire elephant is heavily wounded.
The dire elephant closely misses you.
The dire elephant trunk-slaps you but does no damage.
Casting: Stone Arrow (safe; 1% risk of failure)
Confirm with . or Enter, or press ? or * to list all spells.
Aiming: Stone Arrow (safe; 1% risk of failure)
Press: ? - help, Shift-Dir - straight line, f/p - dire elephant
Aim: a dire elephant (heavily wounded, 100% to hit)
The stone arrow hits the dire elephant!
The dire elephant is severely wounded.
The dire elephant tramples you!!
You die...

#....... #...©.©
############### #..8.8
##≈#≈#≈#≈#§#≈#§####....
##............§..#≈#####
#≈.8......8.............
##...............8.....8
#≈...###########........
##...#.@YYY=!..#...#####
#§...#..##.##..#...#|?#©
##...#.##...##Y#...#[.#.
#≈...#.#.....#.#...###++
##.8.#....©....#.8.#....
#≈...#.#.....#.#...#.##.
##...#.##...##.#...#.##.
#§...#..##.##..#...#...©
##...#.........#...#####


You could see a dire elephant and 2 elephants.

Vanquished Creatures
  2 wizards (Gauntlet)
  An unseen horror (D:10)
  3 trolls
  2 hornets
  10 yaks
  A wraith (D:10)
  2 wyverns
  A steam dragon (D:5)
  2 acid dragons (D:11)
  A water moccasin (D:9)
  6 orc warriors
  3 ice beasts
  3 sky beasts
  3 ogres
  5 centaurs
  2 phantoms
  8 kobold brigands
  Blork the orc (D:6)
  3 bullfrogs
  2 scorpions (D:5)
  5 wights (D:8)
  10 killer bees
  4 howler monkeys
  5 hounds
  2 gnoll boudas
  5 orc priests
  4 iron imps
  3 orc wizards
  4 iguanas
  11 gnolls
  6 adders
  2 shadow imps (Gauntlet)
  4 white imps (Gauntlet)
  2 ufetubi (D:4)
  3 worms
  12 dart slugs
  21 orcs
  4 ball pythons
  2 bats (D:1)
  5 endoplasms
  4 giant cockroaches
  13 goblins
  3 hobgoblins
  2 jackals (D:4)
  28 kobolds
  3 quokkas
  A frilled lizard (D:2)
  4 rats
233 creatures vanquished.

Vanquished Creatures (others)
  3 fungi (D:11)
  11 plants
14 creatures vanquished.

Grand Total: 247 creatures vanquished

Notes
Turn   | Place    | Note
-------+----------+-------------------------------------------
     0 | D:1      | McKennaii the Demigod Earth Elementalist began the quest
                  | for the Orb.
     0 | D:1      | Reached XP level 1. HP: 14/14 MP: 5/5
   140 | D:1      | Reached skill level 3 in Earth Magic
   192 | D:1      | Reached XP level 2. HP: 20/20 MP: 5/7
   876 | D:2      | Reached XP level 3. HP: 22/26 MP: 5/9
  1635 | D:3      | Reached XP level 4. HP: 30/33 MP: 8/11
  1902 | D:3      | Learned a level 3 spell: Conjure Flame
  1949 | D:3      | Reached skill level 4 in Earth Magic
  2243 | D:3      | Reached XP level 5. HP: 26/38 MP: 3/13
  2960 | D:4      | Learned a level 3 spell: Stone Arrow
  3329 | D:5      | Entered Level 5 of the Dungeon
  3329 | D:5      | Noticed a steam dragon
  3336 | D:5      | Killed a steam dragon
  3337 | D:5      | Reached skill level 5 in Earth Magic
  3337 | D:5      | Reached XP level 6. HP: 8/45 MP: 10/15
  4130 | D:5      | Reached skill level 5 in Spellcasting
  4130 | D:5      | Reached XP level 7. HP: 50/50 MP: 14/18
  4234 | D:5      | Reached skill level 6 in Earth Magic
  5031 | D:5      | Reached skill level 1 in Conjurations
  5407 | D:6      | Reached XP level 8. HP: 30/57 MP: 14/20
  5729 | D:6      | Noticed Blork the orc
  5736 | D:6      | Killed Blork the orc
  5737 | D:6      | Reached skill level 7 in Earth Magic
  6260 | D:7      | Found a flagged portal.
  6300 | Bailey   | Entered a bailey
  6880 | Bailey   | Reached XP level 9. HP: 40/62 MP: 12/23
  7055 | Bailey   | Reached skill level 8 in Earth Magic
  7349 | D:7      | Paralysed by a hornet for 3 turns
  7353 | D:7      | Reached skill level 5 in Conjurations
  7576 | D:7      | Found a staircase to the Ecumenical Temple.
  8816 | D:8      | Reached skill level 9 in Earth Magic
  9571 | D:8      | Reached XP level 10. HP: 52/69 MP: 23/26
  9911 | D:9      | Found Zesat's Weapon Shop.
  9920 | D:9      | Bought the +8 autumn katana {vorpal, manifold assault} for
                  | 606 gold pieces
  9920 | D:9      | Found the +8 autumn katana {vorpal, manifold assault}
  9952 | D:9      | Found Feufifio's Assorted Antiques.
  9961 | D:9      | Bought a glimmering chain mail for 285 gold pieces
  9961 | D:9      | Identified the +0 chain mail "Peingub" {rF+ Str-5 SInv}
                  | (You bought it in a shop on level 9 of the Dungeon)
  9962 | D:9      | Bought a fizzy amethyst potion for 27 gold pieces
  9962 | D:9      | Bought a brown potion for 27 gold pieces
  9962 | D:9      | Bought a scroll labelled FUTHRINGALA for 30 gold pieces
  9962 | D:9      | Bought a clear potion for 27 gold pieces
  9962 | D:9      | Bought a potion of curing for 90 gold pieces
  9962 | D:9      | Bought a potion of curing for 90 gold pieces
  9986 | D:9      | Learned a level 5 spell: Manifold Assault
 10253 | D:9      | Found Ysiwkeyje's Antique Armour Shoppe.
 10283 | D:9      | Reached skill level 1 in Fighting
 10283 | D:9      | Reached skill level 1 in Long Blades
 10330 | D:9      | Reached skill level 1 in Translocations
 10493 | D:9      | Found Xodghy's Weapon Shop.
 10857 | D:9      | Found Zest's Jewellery Emporium.
 11006 | D:10     | Entered Level 10 of the Dungeon
 11410 | D:10     | Identified the +0 ring mail of Imetat {-Tele Harm Fly
                  | rF+++}
 12442 | D:11     | Found a gate leading to a gauntlet.
 12446 | Gauntlet | Entered a Gauntlet
 12446 | Gauntlet | Noticed a wizard
 12446 | Gauntlet | Noticed a wizard
 12446 | Gauntlet | Found a transporter.
 12483 | Gauntlet | Noticed a catoblepas
 12497 | Gauntlet | Found a transporter.
 12514 | Gauntlet | Found a transporter.
 12518 | Gauntlet | Found a transporter.
 12539 | Gauntlet | Found a transporter.
 12546 | Gauntlet | Noticed a death drake
 12552 | Gauntlet | Found a transporter.
 12552 | Gauntlet | Found a runed translucent gate.
 12552 | Gauntlet | Found a runed translucent gate.
 12554 | Gauntlet | Found a runed translucent gate.
 12554 | Gauntlet | Noticed an ice dragon
 12556 | Gauntlet | Noticed a radroach
 12556 | Gauntlet | an ice dragon changed into a radroach
 12561 | Gauntlet | Noticed a spark wasp
 12561 | Gauntlet | a radroach changed into a spark wasp
 12562 | Gauntlet | Noticed a dire elephant
 12562 | Gauntlet | Noticed an alligator
 12562 | Gauntlet | a spark wasp changed into an alligator
 12564 | Gauntlet | Noticed an elephant
 12566 | Gauntlet | Found a transporter.
 12592 | Gauntlet | Found a runed translucent door.
 12593 | Gauntlet | Found a transporter.
 12601 | Gauntlet | Found a transporter.
 12622 | Gauntlet | Found a transporter.
 12623 | Gauntlet | Found a transporter.
 12626 | Gauntlet | Found a transporter.
 12631 | Gauntlet | Noticed an elephant
 12633 | Gauntlet | Noticed a lindwurm
 12633 | Gauntlet | a troll changed into a lindwurm
 12729 | Gauntlet | Killed a wizard
 12735 | Gauntlet | Killed a wizard
 12736 | Gauntlet | Reached XP level 11. HP: 82/82 MP: 5/28
 12889 | Gauntlet | Identified the +2 hat of the Ditch-Digger {rF+ rC+ Str+5
                  | Slay-6}
 12926 | Gauntlet | Mangled by a dire elephant

Illustrated notes

Levels and vault maps discovered:
D:1:      amcnicky_arrival_single_pillar, layout_rooms,
          dreamdust_ecumenical_altar_angels_and_demons, minmay_box_of_dots
D:2:      layout_rooms, basic_altar, minmay_misc_feat_alley, minivault_5
D:3:      kennysheep_slugbush, layout_basic, mainiacjoe_overflow_alcove_4,
          demons_altar
D:4:      layout_gridville, mainiacjoe_overflow_six_doors_small,
          yredelemnul_altar_generic, mainiacjoe_overflow_brackets, st_stairs_7
D:5:      layout_basic, slow_altar_1, okawaru_metal_pillars_1_2,
          mainiacjoe_overflow_chevrons
D:6:      layout_basic, old_standard_altar, mainiacjoe_overflow_small_starburst,
          kennysheep_generic_room_10, uniq_blork_the_orc
D:7:      layout_basic, elyvilon_altar_3, nicolae_ru_path_of_blood,
          minmay_temple_entry_crystal_x, enter_bailey_2
D:8:      layout_basic, serial_bayou_crossing
D:9:      layout_irregular_city, serial_shops, nicolae_shop_hallway_plus, shop,
          nicolae_diamond_shop, shop, shop, glass_columns_a, serial_bayou_pond_a
D:10:     layout_loops_ring
D:11:     layout_basic, david_lair_generic, gauntlet_entry_generic
Gauntlet: minmay_gauntlet_mixed_oops_all_seconds [minmay_gauntlet_arena_77_path,
          nicolae_gauntlet_arena_flowing_pool,
          minmay_gauntlet_arena_77_tiled_triplets,
          gammafunk_gauntlet_arena_split_diamond,
          minmay_gauntlet_arena_77_run_for_it, nicolae_gauntlet_arena_quarters,
          nicolae_gauntlet_exit_dead_adventurers]

Skill      XL: |  1  2  3  4  5  6  7  8  9 10 11 |
---------------+----------------------------------+-----
Spellcasting   | 2 3 4 5 6 8 |  8.8
Earth Magic    | 3 4 5 6 7 9 |  9.8
Conjurations   | 2 4 6 7 |  7.3
Fighting       | 3 |  3.0
Long Blades    | 2 3 |  3.0
Translocations | 2 |  2.9
Dodging        | |  1.7
Stealth        | |  1.7
Transmutations | |  0.8

Action                   |  1- 3 |  4- 6 |  7- 9 | 10-12 || total
-------------------------+-------+-------+-------+-------++-------
Melee: Unarmed           |     8 |       |       |       ||     8
       Dagger            |     1 |     4 |     1 |       ||     6
       Katana            |       |       |       |     6 ||     6
 Cast: Sandblast         |    59 |    97 |   168 |    62 ||   386
       Conjure Flame     |       |       |    11 |     5 ||    16
       Stone Arrow       |       |       |    17 |    50 ||    67
  Use: Scroll            |       |       |     7 |     5 ||    12
       Potion            |       |       |     2 |       ||     2
 Stab: Sleeping          |       |       |       |     1 ||     1
Armor: Robe              |     2 |     7 |       |       ||     9
       Steam dragon scal |       |     4 |    38 |    28 ||    70
Dodge: Dodged            |    25 |    44 |    77 |    30 ||   176
